AoeStats
← IsraDguez

Arabia

510644676Analyzed
2v2 RM · 1d ago on Oct 1, 2026· 42m 31s· 4 players
Game mode
Random Map
Map size
Medium (4 player)
Population
200
Speed
Normal
Resources
Standard
Victory
Conquest
Starting age
Dark Age
Ending age
Imperial Age
RankedLock teamsTeams togetherTeam positionsShared explorationLock speedFull tech treeHidden civsTurbo modeCheats
Victory
Defeat
🇲🇽 Varangians · Mexico
1116
+17
🇲🇽 Maya · Mexico
1088
+19
🇷🇺 Magyars · Russia
1146
-18
🇸🇪 Aztecs · Sweden
1135
-18
King Dario II
2:22 Loom
8:49 Feudal Age
10:32 Man-at-Arms
11:47 Arson
20:31 Scale Mail Armor
21:48 Forging
22:29 Bloodlines
24:07 Scale Barding Armor
25:24 Horse Collar
32:59 Castle Age
31:24 Double-Bit Axe
31:31 Gold Mining
34:38 Iron Casting
34:19 Chain Mail Armor
35:28 Light Cavalry
36:37 Loom
39:50 Gambesons
40:08 Squires
42:14 Chain Barding Armor
IsraDguez
0:25 Loom
9:48 Feudal Age
16:17 Fletching
16:28 Scale Mail Armor
22:49 Castle Age
21:14 Padded Archer Armor
23:42 Forging
22:55 Pikeman
23:09 Crossbowman
25:18 Eagle Warrior
29:05 Squires
28:51 Arson
32:55 Wheelbarrow
36:07 Imperial Age
34:45 Double-Bit Axe
37:57 Hand Cart
37:30 Man-at-Arms
38:22 Long Swordsman
38:39 Arbalester
40:02 Thumb Ring
39:20 Two-Handed Swordsman
40:16 Bodkin Arrow
41:06 Conscription
41:16 Bracer
41:54 Ballistics
42:44 Chemistry
42:30 Chain Mail Armor
Bulbu
3:40 Loom
11:44 Feudal Age
15:25 Fletching
18:01 Wheelbarrow
18:11 Double-Bit Axe
18:09 Horse Collar
18:40 Stone Mining
22:12 Castle Age
21:45 Forging
22:08 Scale Mail Armor
25:02 Iron Casting
24:41 Eagle Warrior
26:59 Elite Skirmisher
30:03 Bodkin Arrow
35:45 Sanctity
39:55 Town Watch
40:44 Padded Archer Armor
41:04 Bow Saw
41:46 Chain Mail Armor
42:43 Atlatl
Gl_classic
5:38 Loom
9:08 Feudal Age
16:04 Bloodlines
19:55 Double-Bit Axe
28:55 Castle Age
27:46 Horse Collar
28:01 Fletching
31:54 Bodkin Arrow
39:19 Wheelbarrow
39:52 Padded Archer Armor
40:58 Pikeman
Connection lost

Rejoining the realm…

Still unreachable

The connection could not be restored.

Session expired

The server has moved on; the page needs a fresh start.